 Dungeon Crawl Stone Soup version 0.19.3-4-gbf9329e (webtiles) character file.

90 Megalobster the Conjurer (level 4, -1/24 HPs)
             Began as a Deep Elf Conjurer on Jan 30, 2017.
             Killed from afar by Megalobster's ghost (4 damage)
             ... with a magic dart
             ... on level 3 of the Dungeon.
             The game lasted 00:06:29 (2273 turns).

Megalobster the Conjurer (Deep Elf Conjurer)        Turns: 2273, Time: 00:06:29

Health: -1/24      AC:  3    Str:  5    XL:     4   Next: 32%
Magic:  10/12      EV: 13    Int: 21    God:
Gold:   144        SH:  0    Dex: 15    Spells: 3 memorised, 5 levels left

rFire  . . .     SeeInvis .     g - +0 dagger
rCold  . . .     Gourm    .     a - +0 robe
rNeg   . . .     Faith    .     (no shield)
rPois  .         Spirit   .     (no helmet)
rElec  .         Reflect  .     (no cloak)
rCorr  .         Harm     .     x - +0 pair of gloves
MR     .....                    (no boots)
Stlth  ++........               (no amulet)
                                (no ring)
                                (no ring)

@: no status effects
A: no striking features
a: no special abilities


You were on level 3 of the Dungeon.
You were not hungry.

You visited 1 branch of the dungeon, and saw 3 of its levels.

You collected 144 gold pieces.

Inventory:

Hand Weapons
 g - a +0 dagger (weapon)
 j - a +0 spear
Missiles
 w - 71 stones (quivered)
Armour
 a - a +0 robe (worn)
 f - a cursed +0 ring mail
 x - a +0 pair of gloves (worn)
Scrolls
 d - a scroll of noise {unknown}
 i - a scroll of teleportation {unknown}
 k - a scroll of magic mapping {unknown}
 n - 2 scrolls of identify
 q - 2 scrolls of amnesia {unknown}
 y - a scroll of remove curse {unknown}
Potions
 e - a potion of might {unknown}
 h - 2 potions of curing
 m - a potion of cure mutation {unknown}
 o - a potion of mutation {unknown}
 p - a potion of berserk rage {unknown}
 v - a potion of degeneration {unknown}
 z - a potion of ambrosia {unknown}
Books
 b - a book of Conjurations

   Spells                             Type                      Level
   a - Magic Dart                     Conjuration                  1
   b - Searing Ray                    Conjuration                  2
   c - Dazzling Spray                 Conjuration/Hexes            3
   d - Fulminant Prism                Conjuration/Hexes            4
   e - Iskenderun's Mystic Blast      Conjuration                  4
   f - Iskenderun's Battlesphere      Conjuration/Charms           5
Comestibles
 c - 3 bread rations
 l - a beef jerky
 r - a meat ration
 s - a royal jelly
 t - 4 fruits
 u - 2 chunks of flesh


   Skills:
 - Level 2.4 Dodging
 - Level 2.4 Stealth
 + Level 4.2 Spellcasting
 * Level 5.8 Conjurations


You had 5 spell levels left.
You knew the following spells:

 Your Spells              Type           Power        Failure   Level  Hunger
a - Magic Dart            Conj           ####         1%          1    None
b - Searing Ray           Conj           ####..       1%          2    #......
c - Dazzling Spray        Conj/Hex       ###...       12%         3    ###....


Dungeon Overview and Level Annotations

Branches:
Dungeon (3/15)

Altars:
Ashenzari

Annotations:
D:3 Megalobster's ghost, amateur DECj


Message History

Megalobster's ghost is moderately damaged.
The goblin shouts!
Casting: Magic Dart
Confirm with . or Enter, or press ? or * to list all spells.
Aiming: Magic Dart
Press: ? - help, Shift-Dir - straight line, f/p - Megalobster's ghost
Aim: Megalobster's ghost (moderately damaged)
The magic dart hits Megalobster's ghost.
Megalobster's ghost is moderately damaged.
Megalobster's ghost casts a spell at you.
The magic dart hits you!
As you read the scroll labeled AQOAGI GYBUC, it crumbles to dust.
It is a scroll of identify.
h - 2 potions of curing Megalobster's ghost gestures at you while chanting.
The magic dart hits you!
* * * LOW HITPOINT WARNING * * *
Megalobster's ghost points at you and mumbles some strange words.
The magic dart hits you!
You die...

.....##....####.#####.#
.....##.........<##...#
.....##..........##.###
.....##..........##...#
.........>.......####.######
.....#........#..............
######........#...###.#.#####
..............#...#.......
.######.......#.@.#.#...#.#
#.......#...#.#####.#
##'######...#.# .. #
#.##......##.#.#
#####.##.#.........#
#.....##.#...#..#.##
#.####...#......#
#.########W# ...# .g..


You could see Megalobster's ghost.

Vanquished Creatures
  3 adders (D:2)
  3 oozes
  A worm (D:3)
  3 dart slugs
  A leopard gecko (D:1)
  7 bats
  6 goblins
  5 hobgoblins
  A quokka (D:2)
  3 ball pythons
  2 frilled lizards
  2 kobolds
  6 rats
43 creatures vanquished.

Notes
Turn   | Place    | Note
-------+----------+-------------------------------------------
     0 | D:1      | Megalobster the Deep Elf Conjurer began the quest for the Orb.
     0 | D:1      | Reached XP level 1. HP: 10/10 MP: 6/6
   279 | D:1      | Reached XP level 2. HP: 15/15 MP: 2/8
   283 | D:1      | Learned a level 2 spell: Searing Ray
   433 | D:1      | Reached skill level 5 in Conjurations
   855 | D:1      | Reached XP level 3. HP: 19/19 MP: 7/10
   860 | D:1      | Learned a level 3 spell: Dazzling Spray
  1326 | D:2      | Found a shattered altar of Ashenzari.
  1427 | D:2      | Reached XP level 4. HP: 24/24 MP: 7/12
  2264 | D:3      | Noticed Megalobster's ghost (amateur DECj)
  2273 | D:3      | Killed from afar by Megalobster's ghost

Skill      XL: |  1  2  3 |
---------------+----------+-----
Conjurations   | 5 |  5.8
Spellcasting   | 4 |  4.2
Dodging        | |  2.4
Stealth        | |  2.4

Action                   |  1- 3 |  4- 6 || total
-------------------------+-------+-------++-------
Melee: Dagger            |     3 |       ||     3
 Cast: Magic Dart        |    58 |    24 ||    82
       Searing Ray       |     3 |     2 ||     5
  Use: Scroll            |       |     1 ||     1
  Eat: Chunk             |     1 |     3 ||     4
Armor: Robe              |     2 |       ||     2
Dodge: Dodged            |     7 |     1 ||     8
